 Dungeon Crawl Stone Soup version 0.26.0-16-gc1dbca0489 (webtiles) character file.

Game seed: 6602391263088859322

41 Majorwet the Ruffian (level 3, 0/28 HPs)
             Began as a Hill Orc Transmuter on Jan 19, 2021.
             Slain by an adder (2 damage)
             ... on level 1 of the Dungeon.
             The game lasted 00:12:04 (1863 turns).

Majorwet the Ruffian (Hill Orc Transmuter)          Turns: 1863, Time: 00:12:04

Health: 0/28       AC:  3    Str: 12    XL:     3   Next: 52%
Magic:  5/5        EV: 12    Int: 14    God:
Gold:   44         SH:  0    Dex: 11    Spells: 2/5 levels left

rFire    . . .     SeeInvis .   l - +0 short sword
rCold    . . .     Faith    .   (no shield)
rNeg     . . .     Spirit   .   a - +0 robe
rPois    .         Reflect  .   (no helmet)
rElec    .         Harm     .   (no cloak)
rCorr    .         Rampage  .   f - +0 pair of gloves
Will     .....                  (no boots)
Stlth    +.........             (no amulet)
HPRegen  0.09/turn              m - ring of flight
MPRegen  0.09/turn              (no ring)

@: lethally poisoned (0 -> -6)
A: no striking features
a: Evoke Flight


You were on level 1 of the Dungeon.
You visited 1 branch of the dungeon, and saw 2 of its levels.

You collected 44 gold pieces.

Inventory:

Hand Weapons
 b - a +0 dagger
 l - a +0 short sword (weapon)
Missiles
 d - 45 stones
 k - 9 poisoned darts (quivered)
Armour
 a - a +0 robe (worn)
 f - a +0 pair of gloves (worn)
Jewellery
 m - a ring of flight (left hand)
Scrolls
 o - a scroll of amnesia {unknown}
Potions
 c - a potion of haste {unknown}
 e - 2 potions of heal wounds {unknown}
 g - a potion of lignification {unknown}
 h - a potion of magic {unknown}
 i - a potion of berserk rage {unknown}
 j - 2 potions of attraction
 n - a potion of curing {unknown}


   Skills:
 * Level 1.5 Fighting
 - Level 0.4 Short Blades
 + Level 1.8 Dodging
 - Level 0.1 Stealth
 * Level 4.1 Unarmed Combat
 + Level 1.7 Spellcasting
 * Level 1.6 Transmutations


You had 2 spell levels left.
You knew the following spells:

 Your Spells              Type           Power        Failure   Level
a - Beastly Appendage     Tmut           10%          13%         1
b - Wereblood             Tmut           5%           19%         2

Your spell library contained the following spells:

 Spells                   Type           Power        Failure   Level
 Spider Form              Tmut/Pois      1%           47%         3
 Ice Form                 Ice/Tmut       3%           87%         4
 Blade Hands              Tmut           2%           98%         5


Dungeon Overview and Level Annotations

Branches:
Dungeon (2/15)

Altars:


Message History

The adder is moderately wounded.
You feel sick. The adder misses you.
You hit the adder.
The adder is heavily wounded.
You feel sick. The adder bites you but does no damage.
You closely miss the adder.
The adder is heavily wounded.
* * * LOW HITPOINT WARNING * * *
You feel sick. The adder bites you.
* * * LOW HITPOINT WARNING * * *
The adder bites you but does no damage.
You barely miss the adder.
The adder is heavily wounded.
The adder bites you.
* * * LOW HITPOINT WARNING * * *
You barely miss the adder.
The adder is heavily wounded.
* * * LOW HITPOINT WARNING * * *
You feel sick. The adder bites you but does no damage. The adder bites you.
You die...

###...#.# #.#
############>..#.#
#.#
..........######.#
#.# #########.#
#.# #.# #.# #.#
#)# #.# #.# #.#
#.# #.# #.#
#######.######.#
#.#
#............S@#
#.#
#.#####.########
####.# ###.### #.#
#....# ......###.#
#.#### .[........#
#.# ###.#.#####
#.# ....#.# #.#
#####.# #.# #.#
#.#


You could see an adder.

Vanquished Creatures
  An adder (D:1)
  A leopard gecko (D:1)
  3 bats (D:1)
  A giant cockroach (D:1)
  2 goblins (D:1)
  4 hobgoblins (D:1)
  5 jackals (D:1)
  5 frilled lizards (D:1)
  3 kobolds (D:1)
  4 rats (D:1)
29 creatures vanquished.

Notes
Turn   | Place    | Note
-------+----------+-------------------------------------------
     0 | D:1      | Majorwet the Hill Orc Transmuter began the quest for the
                  | Orb.
     0 | D:1      | Reached XP level 1. HP: 16/16 MP: 3/3
   284 | D:1      | Reached XP level 2. HP: 21/23 MP: 4/4
   711 | D:1      | Reached skill level 4 in Unarmed Combat
  1271 | D:1      | Reached XP level 3. HP: 24/28 MP: 5/5
  1329 | D:1      | Learned a level 2 spell: Wereblood
  1863 | D:1      | Slain by an adder

Illustrated notes

Levels and vault maps discovered:
D:1:      doesnt_arrival_eight_statues, layout_loops_ring
D:2:      minmay_door_path, layout_loops_ring, lemuel_blue_sif_altar,
          uniq_terence

Skill      XL: |  1  2 |
---------------+-------+-----
Unarmed Combat | 4 |  4.1
Fighting       | |  1.5
Short Blades   | |  0.4
Dodging        | |  1.8
Stealth        | |  0.1
Spellcasting   | |  1.7
Transmutations | |  1.6

Action                   || total
-------------------------++-------
Melee: Dagger            ||   114
       Unarmed           ||     1
       Short sword       ||    43
       Punch             ||     3
       Kick              ||     2
       Headbutt          ||     1
Throw: Dart              ||     3
 Cast: Beastly Appendage ||     3
       Wereblood         ||     1
  Use: Potion            ||     1
 Stab: Sleeping          ||     1
Armor: Robe              ||    47
Dodge: Dodged            ||   120
